 Dungeon Crawl Stone Soup version 0.31.0-11-ge490571c62 (webtiles) character file.

Game seed: 298086852991683531

1871 Ashen the Insei (level 9, -6/62 (67) HPs)
             Began as a Gnoll Shapeshifter on Feb 1, 2024.
             Mangled by a wight
             ... wielding a +7 long sword
              (11 damage)
             ... on level 6 of the Dungeon.
             The game lasted 00:08:57 (5570 turns).

Ashen the Insei (Gnoll Shapeshifter)                Turns: 5570, Time: 00:08:57

HP:   -6/62 (67)    AC:  3    Str: 20    XL:     9   Next: 13%
MP:   15/15         EV: 19    Int: 10    God:
Gold: 178           SH:  0    Dex: 15    Spells: 16/16 levels left

rFire   . .          .
                       - Unarmed
rCold   . . .        (shield currently unavailable)
rNeg    . . .        n - melded +0 animal skin
rPois   .            a - +2 helmet
rElec   .            (no cloak)
rCorr   .            (no gloves)
SInv    .            (no boots)
Will    .....        (no amulet)
Stlth   +            e - +6 ring of strength
HPRegen 0.30/turn    (no ring)
MPRegen 0.14/turn

%: no passive effects
@: flux-form, glowing, drained
A: glow, contaminating, fangs 1, strong nose, distributed training
a: Begin Untransformation


You were on level 6 of the Dungeon.
You were something dangerously unstable.
You visited 1 branch of the dungeon, and saw 6 of its levels.

You collected 374 gold pieces.
You spent 196 gold pieces at shops.

Inventory:

Missiles
 A - 4 throwing nets (quivered)
Armour
 a - a +2 helmet (worn)
 n - a +0 animal skin (melded)
Jewellery
 e - a +6 ring of strength (left hand)
 p - an amulet of the acrobat
Talismans
 c - a beast talisman
 d - a flux talisman (active)
 q - a maw talisman
Wands
 y - a wand of polymorph (11)
 C - a wand of flame (17)
Scrolls
 f - 2 scrolls of teleportation {unknown}
 g - 2 scrolls of vulnerability {unknown}
 i - 5 scrolls of identify {unknown}
 u - a scroll of poison {unknown}
 x - a scroll of blinking {unknown}
 B - a scroll of brand weapon {unknown}
 D - 3 scrolls of torment {unknown}
Potions
 b - a potion of lignification
 h - a potion of attraction {unknown}
 j - 3 potions of resistance {unknown}
 k - a potion of haste {unknown}
 l - 2 potions of enlightenment {unknown}
 m - 2 potions of degeneration {unknown}
 o - 3 potions of mutation {unknown}
 r - 3 potions of heal wounds {unknown}
 s - a potion of cancellation {unknown}
 t - 3 potions of invisibility {unknown}
 v - a potion of brilliance {unknown}
 w - a potion of might {unknown}
 z - 2 potions of curing


   Skills:
 + Level 4.9 Fighting
 + Level 4.1 Short Blades
 + Level 4.1 Long Blades
 + Level 4.1 Axes
 + Level 4.1 Maces & Flails
 + Level 4.1 Polearms
 + Level 4.1 Staves
 + Level 4.1 Ranged Weapons
 + Level 4.1 Throwing
 + Level 4.1 Armour
 + Level 6.2 Dodging
 + Level 4.1 Stealth
 + Level 4.1 Shields
 + Level 7.8 Unarmed Combat
 + Level 4.1 Spellcasting
 + Level 3.3 Conjurations
 + Level 3.3 Hexes
 + Level 3.3 Summonings
 + Level 3.3 Necromancy
 + Level 3.3 Translocations
 + Level 3.3 Fire Magic
 + Level 3.3 Ice Magic
 + Level 3.3 Air Magic
 + Level 3.3 Earth Magic
 + Level 3.3 Alchemy
 + Level 4.5 Invocations
 + Level 4.1 Evocations
 + Level 7.6 Shapeshifting


You had 16 spell levels left.
You didn't know any spells.
Your spell library contained the following spells:

 Spells                   Type           Power      Damage    Failure   Level
 Static Discharge         Conj/Air       16%        3-4/arc   10%         2
 Call Canine Familiar     Summ           8%         N/A       19%         3
 Hailstorm                Conj/Ice       8%         3d5       19%         3
 Sigil of Binding         Hex            8%         N/A       19%         3
 Summon Ice Beast         Ice/Summ       8%         N/A       19%         3
 Airstrike                Air            4%         2d(1-17)  54%         4
 Dimensional Bullseye     Hex/Tloc       4%         N/A       54%         4
 Summon Lightning Spire   Summ/Air       8%         N/A       54%         4
 Sculpt Simulacrum        Ice/Alch       4%         N/A       100%        6


Dungeon Overview and Level Annotations

Branches:
Dungeon (6/15)             Temple (0/1) D:4

Altars:
Ashenzari
Qazlal

Shops:
D:4 *   D:6 *


Innate Abilities, Weirdness & Mutations

You are something dangerously unstable.
You glow with magical radiation, making you easy to see and hit.
Foes you strike become dangerously contaminated with magical radiation.
You are incapable of wielding weapons or throwing items.
You have very sharp teeth.
Your uncanny sense of smell can sniff out nearby items.
Your experience applies equally to all skills.


Message History

The white imp completely misses you.
You hit the white imp.
The white imp begins to glow.
The white imp is moderately wounded.
The white imp hits you. The white imp freezes you.
You hit the white imp.
The white imp glows dangerously bright.
The white imp is heavily wounded.
The white imp hits you but does no damage.
You hit the white imp but do no damage.
The white imp shudders as magic cascades through it!!
You kill the white imp!
Found 7 stones.
You see here a +1 ring mail of cold resistance.
A wight comes into view. It is wielding a +7 long sword.
A wight is nearby!
A wight comes into view. It is wielding a +0 hand axe.
A wight comes into view. It is wielding a +0 dagger.
A wight comes into view. It is wielding a +0 long sword.
The wight closely misses you.
You hit the wight.
The wight begins to glow.
Your bite misses the wight.
The wight is moderately damaged.
The wight hits you with a +0 hand axe! The wight closely misses you.
You hit the wight.
The wight glows dangerously bright.
You bite the wight, but do no damage.
The wight is heavily damaged.
The wight completely misses you. The wight barely misses you.
You punch the wight!
You destroy the wight!
The wight hits you with a +7 long sword!
You feel drained.
You hit the wight but do no damage.
The wight begins to glow.
The wight hits you with a +7 long sword!
You feel drained. The wight hits you with a +0 dagger.
You feel drained.
* * * LOW HITPOINT WARNING * * *
You are too injured to fight recklessly!
You are too injured to fight recklessly!
The wight hits you with a +7 long sword!
* * * LOW HITPOINT WARNING * * *
The wight attacks as it pursues you!
The wight hits you with a +7 long sword!
You die...

........#...#
............##
.............#
.............#
.............#
..##.)......#
........z...##
.##...z.....##
#.......zp..#
.............########
.............##.#<..#
....................#
....................#
....##.#..........##
.## ###.......(..#
.######..........#
..........###....#


You could see 3 wights.

Vanquished Creatures
  Eustachio (D:4)
  A steam dragon (D:6)
  Menkaure (D:6)
  A water moccasin (D:6)
  An ice beast (D:5)
  A black bear (D:5)
  2 ogres (D:5)
  A phantom (D:6)
  A bullfrog (D:5)
  4 wights
  A jelly (D:5)
  3 bombardier beetles
  2 hounds (D:6)
  An orc priest (D:4)
  Jessica (D:3)
  4 iguanas
  Robin (D:2)
  12 gnolls
  8 adders
  2 river rats (D:4)
  2 white imps
  3 dart slugs
  14 orcs
  6 ball pythons
  4 bats
  7 endoplasms
  2 giant cockroaches
  18 goblins
  17 hobgoblins
  3 jackals (D:1)
  4 kobolds
  A quokka (D:3)
  3 frilled lizards
  2 rats (D:1)
135 creatures vanquished.

Notes
Turn   | Place    | Note
-------+----------+-------------------------------------------
     0 | D:1      | Ashen the Gnoll Shapeshifter began the quest for the Orb.
     0 | D:1      | Reached XP level 1. HP: 17/17 MP: 1/1
   187 | D:1      | Reached XP level 2. HP: 16/23 MP: 2/2
   774 | D:2      | Reached XP level 3. HP: 28/28 MP: 3/3
   951 | D:2      | Reached skill level 1 in Invocations
   955 | D:2      | Noticed Robin
   965 | D:2      | Killed Robin
   966 | D:2      | Reached skill level 1 in Short Blades
   966 | D:2      | Reached skill level 1 in Long Blades
   966 | D:2      | Reached skill level 1 in Axes
   966 | D:2      | Reached skill level 1 in Maces & Flails
   966 | D:2      | Reached skill level 1 in Polearms
   966 | D:2      | Reached skill level 1 in Staves
   966 | D:2      | Reached skill level 1 in Ranged Weapons
   966 | D:2      | Reached skill level 1 in Throwing
   966 | D:2      | Reached skill level 1 in Armour
   966 | D:2      | Reached skill level 1 in Stealth
   966 | D:2      | Reached skill level 1 in Shields
   966 | D:2      | Reached skill level 1 in Spellcasting
   966 | D:2      | Reached skill level 1 in Evocations
   989 | D:2      | Reached XP level 4. HP: 11/34 MP: 5/5
  1572 | D:3      | Reached skill level 1 in Conjurations
  1572 | D:3      | Reached skill level 1 in Hexes
  1572 | D:3      | Reached skill level 1 in Summonings
  1572 | D:3      | Reached skill level 1 in Necromancy
  1572 | D:3      | Reached skill level 1 in Translocations
  1572 | D:3      | Reached skill level 1 in Fire Magic
  1572 | D:3      | Reached skill level 1 in Ice Magic
  1572 | D:3      | Reached skill level 1 in Air Magic
  1572 | D:3      | Reached skill level 1 in Earth Magic
  1572 | D:3      | Reached skill level 1 in Alchemy
  1787 | D:3      | Noticed Jessica
  1794 | D:3      | Killed Jessica
  1795 | D:3      | Reached XP level 5. HP: 30/40 MP: 5/7
  2774 | D:4      | Found a stormy altar of Qazlal.
  2774 | D:4      | Found a broken altar of Ashenzari.
  2857 | D:4      | Noticed Eustachio
  2874 | D:4      | Killed Eustachio
  2875 | D:4      | Reached skill level 5 in Dodging
  2875 | D:4      | Reached XP level 6. HP: 18/47 MP: 7/9
  2995 | D:4      | Found Zaxtor's Assorted Antiques.
  3089 | D:4      | Reached XP level 7. HP: 51/52 MP: 10/10
  3100 | D:4      | Bought a scroll labelled RARRYK PUXEITO for 30 gold pieces
  3100 | D:4      | Bought 2 purple potions for 54 gold pieces
  3162 | D:4      | Found a staircase to the Ecumenical Temple.
  3633 | D:5      | Entered Level 5 of the Dungeon
  4020 | D:5      | Reached XP level 8. HP: 56/60 MP: 12/12
  4894 | D:6      | Found Suibonism's Assorted Antiques.
  4898 | D:6      | Bought a scroll labelled RARRYK PUXEITO for 24 gold pieces
  4898 | D:6      | Bought 2 fizzy coppery potions for 43 gold pieces
  4898 | D:6      | Bought a black potion for 21 gold pieces
  4898 | D:6      | Bought a scroll labelled RUIREC XURUNK for 24 gold pieces
  5190 | D:6      | Noticed Menkaure
  5196 | D:6      | Killed Menkaure
  5380 | D:6      | Reached XP level 9. HP: 66/66 MP: 14/14
  5570 | D:6      | Mangled by a wight

Illustrated notes

Levels and vault maps discovered:
D:1:      psy_arrival_radial01, layout_basic
D:2:      layout_rooms, uniq_robin
D:3:      layout_loops_corners, hangedman_decor_push, grunt_decor_fettered,
          uniq_jessica
D:4:      cheibrodos_greedy_goblins, layout_gridville, minitemple,
          minmay_temple_entry_trees, portal_sewer_entry_a, serial_shops, shop,
          uniq_eustachio
D:5:      layout_rooms, st_stairs_4, chequers_serial_rivers_micro_a,
          corexii_corridor_pit
D:6:      layout_cave_pools, serial_gnoll_camp, gnoll_camp_mini_sergeant,
          gnoll_camp_mini_loothouse, gnoll_camp_mini_shop, gnoll_camp_medium_02,
          gnoll_camp_mini_basic, gnoll_camp_mini_hut, kennysheep_generic_room_4,
          uniq_menkaure

Skill      XL: |  1  2  3  4  5  6  7  8  9 |
---------------+----------------------------+-----
Invocations    | 1 2 3 4 |  4.5
Short Blades   | 1 2 3 4 |  4.1
Long Blades    | 1 2 3 4 |  4.1
Axes           | 1 2 3 4 |  4.1
Maces & Flails | 1 2 3 4 |  4.1
Polearms       | 1 2 3 4 |  4.1
Staves         | 1 2 3 4 |  4.1
Ranged Weapons | 1 2 3 4 |  4.1
Throwing       | 1 2 3 4 |  4.1
Armour         | 1 2 3 4 |  4.1
Stealth        | 1 2 3 4 |  4.1
Shields        | 1 2 3 4 |  4.1
Spellcasting   | 1 2 3 4 |  4.1
Evocations     | 1 2 3 4 |  4.1
Conjurations   | 1 2 3 |  3.3
Hexes          | 1 2 3 |  3.3
Summonings     | 1 2 3 |  3.3
Necromancy     | 1 2 3 |  3.3
Translocations | 1 2 3 |  3.3
Fire Magic     | 1 2 3 |  3.3
Ice Magic      | 1 2 3 |  3.3
Air Magic      | 1 2 3 |  3.3
Earth Magic    | 1 2 3 |  3.3
Alchemy        | 1 2 3 |  3.3
Fighting       | 3 4 |  4.9
Dodging        | 5 6 |  6.2
Unarmed Combat | 7 |  7.8
Shapeshifting  | 7 |  7.6

Action                     |  1- 3 |  4- 6 |  7- 9 || total
---------------------------+-------+-------+-------++-------
  Melee: Unarmed           |    62 |    73 |   260 ||   395
         Bite              |     7 |     6 |    32 ||    45
         Punch             |     2 |     3 |       ||     5
Ability: Begin Untransform |       |     1 |       ||     1
    Use: Potion            |       |     3 |       ||     3
   Stab: Sleeping          |     1 |     1 |     2 ||     4
 Armour: Animal skin       |    27 |    27 |       ||    54
         Skin              |       |     3 |    87 ||    90
  Dodge: Dodged            |    33 |    40 |   192 ||   265
   Form: Beast             |       |     1 |       ||     1
         Flux              |       |     1 |       ||     1
